 Dungeon Crawl Stone Soup version 0.29.1-2-gbd0b4ee654 (webtiles) character file.

Game seed: 7379962231360861063

741 hawla the Arsonist (level 8, -3/56 (58) HPs)
             Began as a Meteoran Fire Elementalist on Nov 30, 2022.
             Slain by a wight
             ... wielding a +3 spear
              (13 damage)
             ... on level 6 of the Dungeon.
             The game lasted 00:09:05 (1833 turns).

hawla the Arsonist (Meteoran Fire Elementalist)     Turns: 1833, Time: 00:09:06

HP:   -3/56 (58)    AC:  3    Str:  9    XL:     8   Next: 25%
MP:   8/15          EV: 13    Int: 19    God:
Gold: 127           SH:  0    Dex: 15    Spells: 8/15 levels left

rFire   . . .      SeeInvis .   m - staff of death
rCold   . . .      Faith    .   (no shield)
rNeg    + . .      Spirit   .   a - +0 robe
rPois   .          Reflect  .   h - +0 helmet
rElec   .          Harm     .   (no cloak)
rCorr   .          Rampage  .   (no gloves)
Will    +....                   (no boots)
Stlth   +.........              (no amulet)
HPRegen 0.18/turn               (no ring)
MPRegen 0.14/turn               (no ring)

@: about to teleport, very slightly contaminated, glowing, lightly drained
A: sense surroundings 1, otherworldly, glowing, explore regen
a: no special abilities


You were on level 6 of the Dungeon.
You visited 2 branches of the dungeon, and saw 7 of its levels.

You collected 127 gold pieces.

Inventory:

Hand Weapons
 g - a +3 whip of venom
Armour
 a - a +0 robe (worn)
 h - a +0 helmet (worn)
Magical Staves
 m - a staff of death (weapon)
Wands
 n - a wand of mindburst (3) (quivered)
Scrolls
 d - 4 scrolls of teleportation
Potions
 b - a potion of magic
 e - 2 potions of cancellation {unknown}
 f - a potion of curing
 i - 3 potions of lignification {unknown}
 k - 2 potions of haste {unknown}
 l - 2 potions of might {unknown}


   Skills:
 + Level 0.8 Fighting
 + Level 3.3 Dodging
 - Level 1.4 Stealth
 + Level 4.1 Spellcasting
 + Level 4.0 Conjurations
 + Level 2.0 Necromancy
 + Level 8.1 Fire Magic
 + Level 2.0 Evocations


You had 8 spell levels left.
You knew the following spells:

 Your Spells              Type           Power      Damage    Failure   Level
a - Foxfire               Conj/Fire      100%       2x1d9     1%          1
b - Scorch                Fire           70%        2d9       1%          2
c - Flame Wave            Conj/Fire      27%        2d9       11%         4

Your spell library contained the following spells:

 Spells                   Type           Power      Damage    Failure   Level
 Conjure Flame            Conj/Fire      27%        6-21      3%          3
 Inner Flame              Hex/Fire       19%        N/A       8%          3
 Sublimation of Blood     Necr           17%        N/A       9%          2
 Wereblood                Tmut           3%         N/A       21%         2
 Summon Hydra             Summ           1%         N/A       100%        7


Dungeon Overview and Level Annotations

Branches:
Dungeon (6/15) Zot: 1977   Temple (1/1) D:4 Zot: 387

Altars:
Cheibriados
Dithmenos
Fedhas
Hepliaklqana
Okawaru
Qazlal
Sif Muna
Trog
Wu Jian
Xom


Innate Abilities, Weirdness & Mutations

You passively map a small area around you.
You are easily found by Zot.
You glow in the dark.
You regain HP and MP as you explore.


Message History

The wight is almost destroyed.
The foxfire hits the wight.
The wight is lightly damaged.
The wight closely misses you.
A wight comes into view. It is wielding a +6 flail.
The wight hits you from afar with a +0 halberd!
You partially resist.
You feel drained.
Casting: Scorch (safe; 1% risk of failure)
Confirm with . or Enter, or press ? or * to list all spells.
You conjure some foxfire!
The wight hits you from afar with a +0 halberd!
You partially resist.
You feel drained. The wight closely misses you.
Unknown command.
Casting: Foxfire (safe; 1% risk of failure)
Confirm with . or Enter, or press ? or * to list all spells.
Casting: Flame Wave (dangerous; 12% risk of failure)
Press: ? - help, Dir - look around, f - activate You miscast Flame Wave.
You are very lightly contaminated with residual magic.
Flames sear your flesh!
The foxfire hits the wight.
The wight is burned terribly!
You destroy the wight!
The foxfire hits the wight.
The wight is moderately damaged.
The wight hits you from afar with a +0 halberd!
* * * LOW HITPOINT WARNING * * *
Training target 2.0 for Evocations reached!
Training target 2.0 for Necromancy reached!
Your Necromancy skill increases to level 2!
Your Evocations skill increases to level 2!
You need to enable at least one skill for training.
The wight hits you from afar with a +0 halberd.
* * * LOW HITPOINT WARNING * * *
You partially resist.
You feel drained.
* * * LOW HITPOINT WARNING * * *
Unknown command.
As you read the scroll of teleportation, it crumbles to dust.
You feel strangely unstable.
The wight hits you from afar with a +3 spear!
You die...

,
#.......###+#.....#
,
#.................#
#.....b...........#
,,
#.................#
,
,#..b...b.......b..#
##......b..........#
#..b.b..#####.....##
#.b..bb.# #..b...#
#.......# #@)#.#.#
#.......#, #..._..#
#...b<..# ,#zz#.###
#.......#,, #..z..#
* #.......#, +z....#
..........# ,#.....#
...########,,
#..)..#, .., ,
#.....# . , , , *


You could see 4 wights.

Vanquished Creatures
  An ice beast (D:5)
  A black bear (D:5)
  2 ogres
  2 scorpions (D:5)
  A wight (D:6)
  A hound (D:5)
  2 iguanas
  9 adders
  A white imp (D:4)
  3 dart slugs
  6 orcs
  A ball python (D:1)
  An endoplasm (D:4)
  2 giant cockroaches
  A goblin (D:1)
  3 hobgoblins
  6 jackals (D:4)
  4 kobolds
  2 quokkas
  2 rats (D:1)
51 creatures vanquished.

Vanquished Creatures (others)
  96 foxfires
96 creatures vanquished.

Grand Total: 147 creatures vanquished

Notes
Turn   | Place    | Note
-------+----------+-------------------------------------------
     0 | D:1      | hawla the Meteoran Fire Elementalist began the quest for
                  | the Orb.
     0 | D:1      | Reached XP level 1. HP: 14/14 MP: 5/5
    15 | D:1      | Reached XP level 2. HP: 19/20 MP: 0/6
    16 | D:1      | Reached skill level 4 in Fire Magic
    68 | D:2      | Found a faded altar of an unknown god.
    78 | D:2      | Reached XP level 3. HP: 23/26 MP: 5/8
    81 | D:2      | Learned a level 2 spell: Scorch
   329 | D:4      | Reached XP level 4. HP: 34/34 MP: 3/10
   377 | D:4      | Noticed an ogre
   383 | D:4      | Killed an ogre
   384 | D:4      | Reached skill level 5 in Fire Magic
   384 | D:4      | Reached XP level 5. HP: 39/39 MP: 4/11
   587 | D:4      | Reached XP level 6. HP: 46/46 MP: 7/13
   600 | D:4      | Learned a level 4 spell: Flame Wave
   877 | D:4      | Found a staircase to the Ecumenical Temple.
   883 | Temple   | Entered the Ecumenical Temple
  1134 | D:5      | Entered Level 5 of the Dungeon
  1141 | D:5      | Reached skill level 6 in Fire Magic
  1155 | D:5      | Noticed an ogre
  1166 | D:5      | Killed an ogre
  1167 | D:5      | Reached XP level 7. HP: 51/51 MP: 7/14
  1228 | D:5      | Reached skill level 7 in Fire Magic
  1492 | D:5      | Reached skill level 8 in Fire Magic
  1539 | D:5      | Reached skill level 1 in Necromancy
  1539 | D:5      | Reached skill level 1 in Evocations
  1539 | D:5      | Reached XP level 8. HP: 58/58 MP: 9/15
  1826 | D:6      | Found a blossoming altar of Fedhas.
  1833 | D:6      | Slain by a wight

Illustrated notes

Levels and vault maps discovered:
D:1:      reono_arrival_mine, layout_rooms
D:2:      layout_basic, ebering_ecumenical_altar_mist, minmay_bisected
D:3:      layout_basic, serial_aquarium, aquarium_bridge_long_separate
          [aquarium_subvault_bridge, aquarium_subvault_bridge,
          aquarium_subvault_window, aquarium_subvault_bridge,
          aquarium_subvault_wall, aquarium_subvault_wall], aquarium_window_fake,
          aquarium_window_3, aquarium_view_2c, aquarium_balcony_3a,
          aquarium_pool_2
D:4:      layout_loops_ring, minmay_overflow_temple_star_quad,
          minmay_temple_entry_enclosed_plants
D:5:      layout_loops_ring
D:6:      layout_gridville, chequers_temple_overflow_minitemple,
          lemuel_crystal_altar, gup_sewer_entry_bubbles
Temple:   grunt_temple_mini_profane

Skill      XL: |  1  2  3  4  5  6  7  8 |
---------------+-------------------------+-----
Spellcasting   | 3 4 |  4.1
Fire Magic     | 4 5 6 8 |  8.1
Dodging        | 3 |  3.3
Conjurations   | 2 3 4 |  4.0
Necromancy     | 1 2 |  2.0
Evocations     | 1 2 |  2.0
Fighting       | |  0.8
Stealth        | |  1.4

Action                   |  1- 3 |  4- 6 |  7- 9 || total
-------------------------+-------+-------+-------++-------
Melee: Unarmed           |     3 |       |       ||     3
       Whip              |     3 |    15 |    12 ||    30
 Cast: Foxfire           |    17 |    24 |    16 ||    57
       Scorch            |     1 |    10 |    22 ||    33
  Use: Scroll            |       |     1 |     4 ||     5
Armor: Robe              |     4 |     5 |     3 ||    12
Dodge: Dodged            |    15 |     6 |    16 ||    37
